 Dungeon Crawl Stone Soup version 0.16.1-18-g436b03c (webtiles) character file.

186 DRC the Sneak (level 5, -3/34 HPs)
             Began as a Halfling Assassin on May 5, 2015.
             Slain by a centaur (8 damage)
             ... on level 4 of the Dungeon.
             The game lasted 00:21:32 (3765 turns).

DRC the Sneak (Halfling Assassin)                   Turns: 3765, Time: 00:21:32

Health: -3/34      AC:  5    Str: 11    XL:     5   Next: 97%
Magic:  5/5        EV: 15    Int: 10    God:
Gold:   171        SH:  0    Dex: 17    Spells: 0 memorised, 4 levels left

rFire  . . .     SeeInvis .     a - +2 dagger
rCold  . . .     Clarity  .     h - +0 leather armour
rNeg   . . .     SustAb   .     (no shield)
rPois  .         Gourm    .     o - +0 helmet
rElec  .         Spirit   .     d - +0 cloak
rCorr  .         Warding  .     (no gloves)
rMut   .         Stasis   .     (no boots)
MR     .....                    (no amulet)
Stlth  +++.......               (no ring)
                                (no ring)

@: not resistant to hostile enchantments, fairly stealthy
A: mutation resistance 1
a: no special abilities


You were on level 4 of the Dungeon.
You were not hungry.

You visited 1 branch of the dungeon, and saw 4 of its levels.

You collected 171 gold pieces.

Inventory:

Hand weapons
 a - a +2 dagger (weapon)
 b - a +0 blowgun
Missiles
 e - 8 poisoned needles
 f - 2 curare-tipped needles
 i - 28 stones (quivered)
Armour
 c - a +0 robe
 d - a +0 cloak (worn)
 h - a +0 leather armour (worn)
 o - a +0 helmet (worn)
Scrolls
 l - a scroll of teleportation
 m - a scroll of amnesia
 p - a scroll of random uselessness {unknown}
 q - a scroll of recharging {unknown}
Potions
 k - a potion of brilliance {unknown}
 n - 2 potions of restore abilities
 r - a potion of haste {unknown}
 s - a potion of decay {unknown}
 u - a potion of agility {unknown}
 v - 2 potions of curing {unknown}
Comestibles
 g - a bread ration
 j - a meat ration
 t - a slice of pizza


   Skills:
 + Level 2.2 Fighting
 + Level 3.6 Short Blades
 + Level 2.8 Throwing
 + Level 1.9 Armour
 - Level 3.0 Dodging
 + Level 5.8 Stealth


You had 4 spell levels left.
You didn't know any spells.

Dungeon Overview and Level Annotations

Branches:
Dungeon (4/15)
 Temple: D:4-7

Altars:
Ashenzari
Cheibriados
Makhleb
Okawaru
Qazlal


Innate Abilities, Weirdness & Mutations

You are small and have problems with some larger weapons.
You are somewhat resistant to further mutation.


Message History

You barely miss the centaur.
The centaur is lightly wounded.
The centaur completely misses you.
You hit the centaur.
The centaur is moderately wounded.
The centaur hits you. The centaur hits you!
You hit the centaur.
The centaur is moderately wounded.
The centaur closely misses you.
You closely miss the centaur.
The centaur is moderately wounded.
The centaur closely misses you.
You closely miss the centaur.
The centaur is moderately wounded.
The centaur hits you.
* * * LOW HITPOINT WARNING * * *
You hit the centaur.
The centaur is heavily wounded.
The centaur hits you!
You die...

####..#
#..##.##...#
#..###..##.###...
#..........# #...
#..###..##.#
######..###.<##.#
#............?.>..
..####....#..#...
#..(.#..###
#..@....?.#
##.c##.##.# #..#
... #?.# ##.. ....
....# ##..# #..#
...


You could see a centaur.

Vanquished Creatures
  Robin (D:2)
  A gnoll (D:3)
  8 adders
  2 worms
  An orc (D:3)
  5 bats
  6 giant cockroaches
  14 goblins
  12 hobgoblins
  6 jackals
  2 giant geckos
  A giant gecko skeleton (D:4)
  2 giant newts
  13 kobolds
  2 quokkas
  3 rats
79 creatures vanquished.

Notes
Turn   | Place    | Note
--------------------------------------------------------------
     0 | D:1      | DRC, the Halfling Assassin, began the quest for the Orb.
     0 | D:1      | Reached XP level 1. HP: 14/14 MP: 1/1
   265 | D:1      | Reached XP level 2. HP: 17/19 MP: 2/2
   345 | D:1      | Reached skill level 5 in Stealth
  1007 | D:2      | Reached XP level 3. HP: 24/24 MP: 3/3
  1308 | D:2      | Reached XP level 4. HP: 29/29 MP: 4/4
  1848 | D:2      | Noticed Robin
  1935 | D:2      | Killed Robin
  2219 | D:2      | Found a stormy altar of Qazlal.
  2289 | D:2      | Reached skill level 1 in Armour
  2389 | D:3      | Reached XP level 5. HP: 29/34 MP: 5/5
  2947 | D:3      | Found an iron altar of Okawaru.
  3339 | D:3      | Found a burning altar of Makhleb.
  3339 | D:3      | Found a snail-covered altar of Cheibriados.
  3340 | D:3      | Found a shattered altar of Ashenzari.
  3749 | D:4      | Noticed a centaur
  3765 | D:4      | Slain by a centaur

Action                   |  1- 3 |  4- 6 || total
-------------------------+-------+-------++-------
Melee: Dagger            |    93 |   207 ||   300
 Fire: Blowgun           |       |     1 ||     1
Throw: Stone             |     2 |    33 ||    35
  Use: Scroll            |     3 |     3 ||     6
 Stab: Sleeping          |    10 |     6 ||    16
       Distracted        |       |     2 ||     2
  Eat: Chunk             |     1 |     4 ||     5
       Bread ration      |       |     1 ||     1
